[Event "VI Sunway Sitges Open 2019"]
[Site "Sitges"]
[Date "2019.12.17"]
[Round "5.38"]
[White "Pablo Mari, Alejandro"]
[Black "Bjerre, Jonas Buhl"]
[Result "0-1"]
[ECO "A35"]
[WhiteElo "2356"]
[BlackElo "2526"]
[Annotator "ChessBase"]
[PlyCount "111"]
[EventDate "2019.12.13"]
[EventType "swiss"]
[EventCountry "ESP"]
[SourceTitle "playchess.com"]
[Source "ChessBase"]
[SourceQuality "1"]
[TimeControl "40/5400+30:1800+30"]

1. c4 c5 2. Nf3 Nc6 3. Nc3 g6 4. e3 Nf6 5. d4 cxd4 6. exd4 d5 7. cxd5 Nxd5 8. Qb3 e6 9. Bb5 Bg7 10. O-O O-O 11. Rd1 Na5 12. Qa3 b6 13. Bg5 f6 14. Bd2 Rf7 15. Ne4 Bf8 16. Qd3 a6 17. Ba4 Bb4 18. a3 Bxd2 19. Nexd2 Bb7 20. Rac1 Rc8 21. b4 Nc6 22. Bb3 Rfc7 23. Qe4 Qd7 24. Bxd5 exd5 25. Qe1 Kf7 26. Nf1 Na7 27. Rxc7 Qxc7 28. Qe3 Nb5 29. Re1 Qd7 30. Qf4 Kg7 31. h4 h5 32. Qe3 Rc7 33. Ng3 Nd6 34. Rc1 Nc4 35. Qf4 Rc8 36. Rc3 Qg4 37. Qc1 Re8 38. Nf1 b5 39. Qd1 Qf4 40. a4 Qd6 41. axb5 axb5 42. Rb3 Bc8 43. Qc1 Bg4 44. N3h2 Re2 45. Nxg4 hxg4 46. h5 Qe6 47. Qf4 Re1 48. f3 g5 49. Qc7+ Qf7 50. h6+ Kg6 51. Qg3 Rxf1+ 52. Kxf1 Nd2+ 53. Kg1 Nxb3 54. fxg4 Nd2 55. Qd3+ Ne4 56. Qxb5 0-1

[Event "VI Sunway Sitges Open 2019"]
[Site "Sitges"]
[Date "2019.12.17"]
[Round "5.39"]
[White "Sadzikowski, Daniel"]
[Black "O`Donnell, Conor"]
[Result "1-0"]
[ECO "A13"]
[WhiteElo "2504"]
[BlackElo "2312"]
[Annotator "ChessBase"]
[PlyCount "105"]
[EventDate "2019.12.13"]
[EventType "swiss"]
[EventCountry "ESP"]
[SourceTitle "playchess.com"]
[Source "ChessBase"]
[SourceQuality "1"]
[TimeControl "40/5400+30:1800+30"]

1. c4 e6 2. g3 d5 3. Bg2 dxc4 4. Qa4+ Nd7 5. Qxc4 a6 6. Qc2 Ngf6 7. Nc3 Be7 8. Nf3 O-O 9. O-O Rb8 10. d4 b5 11. Ne5 Nxe5 12. dxe5 Nd7 13. Rd1 c5 14. Ne4 Bb7 15. Bf4 Bd5 16. Nf6+ gxf6 17. exf6 Nxf6 18. e4 Rb6 19. exd5 Nxd5 20. Rd2 Bg5 21. Bxg5 Qxg5 22. Bxd5 exd5 23. h4 Qe7 24. Rxd5 c4 25. Rad1 Re6 26. a4 Re5 27. axb5 axb5 28. Qc3 Re8 29. R1d4 Qe6 30. Rd8 h5 31. Qd2 Re1+ 32. Kh2 Rxd8 33. Qg5+ Qg6 34. Rxd8+ Kg7 35. Qc5 Kh7 36. Rd5 Kh6 37. Qf8+ Kh7 38. Qc5 Qf6 39. Rxh5+ Kg7 40. Rg5+ Kh7 41. Rf5 Qe6 42. Rh5+ Kg7 43. Qg5+ Qg6 44. Qxb5 Qe4 45. Qg5+ Qg6 46. Qc5 Qe4 47. Rg5+ Kh7 48. Qf5+ Qxf5 49. Rxf5 Kg6 50. Rc5 Re2 51. Kg2 Rxb2 52. Rxc4 f6 53. g4 1-0

[Event "VI Sunway Sitges Open 2019"]
[Site "Sitges"]
[Date "2019.12.17"]
[Round "5.40"]
[White "Sarkar, Justin"]
[Black "Lobanov, Sergei"]
[Result "1/2-1/2"]
[ECO "D90"]
[WhiteElo "2360"]
[BlackElo "2504"]
[Annotator "ChessBase"]
[PlyCount "91"]
[EventDate "2019.12.13"]
[EventType "swiss"]
[EventCountry "ESP"]
[SourceTitle "playchess.com"]
[Source "ChessBase"]
[SourceQuality "1"]
[TimeControl "40/5400+30:1800+30"]

1. d4 Nf6 2. c4 g6 3. Nc3 d5 4. Nf3 Bg7 5. Qa4+ c6 6. cxd5 Nxd5 7. e4 Nb6 8. Qc2 Bg4 9. Ne5 Be6 10. Be3 O-O 11. Rd1 N8d7 12. Nf3 Qc7 13. Be2 Bc4 14. O-O Rac8 15. e5 Bxe2 16. Qxe2 Nd5 17. Nxd5 cxd5 18. Rc1 Qb6 19. h4 h5 20. Ng5 Rxc1 21. Rxc1 Nb8 22. g4 f6 23. exf6 exf6 24. Nh3 Qe6 25. Nf4 Qxg4+ 26. Qxg4 hxg4 27. Ne6 Re8 28. Nxg7 Kxg7 29. Rc7+ Kg8 30. Rxb7 Nc6 31. Rc7 Re6 32. Rd7 Re4 33. Rxd5 Kf7 34. h5 gxh5 35. Rxh5 Kg6 36. Rd5 Nb4 37. Rc5 Nxa2 38. d5 Kf5 39. Rc7 Ke5 40. Rxa7 Nb4 41. Re7+ Kxd5 42. Rxe4 Kxe4 43. Bc5 Nd3 44. b4 Kf3 45. Bd4 Nxb4 46. Bxf6 1/2-1/2

[Event "VI Sunway Sitges Open 2019"]
[Site "Sitges"]
[Date "2019.12.17"]
[Round "5.41"]
[White "Rafiee, Makan"]
[Black "Iniyan, P."]
[Result "1/2-1/2"]
[ECO "B81"]
[WhiteElo "2335"]
[BlackElo "2497"]
[Annotator "ChessBase"]
[PlyCount "61"]
[EventDate "2019.12.13"]
[EventType "swiss"]
[EventCountry "ESP"]
[SourceTitle "playchess.com"]
[Source "ChessBase"]
[SourceQuality "1"]
[TimeControl "40/5400+30:1800+30"]

1. e4 c5 2. Nf3 d6 3. d4 cxd4 4. Nxd4 Nf6 5. Nc3 e6 6. g4 h6 7. Rg1 Nc6 8. Be3 Be7 9. f3 a6 10. Qd2 Nd7 11. O-O-O Na5 12. Kb1 Ne5 13. Qf2 Nec4 14. Bc1 Qb6 15. Rg2 Bf6 16. Nb3 Qc7 17. Nxa5 Nxa5 18. Bf4 Be5 19. Bxe5 dxe5 20. Na4 b5 21. Qc5 Ra7 22. Rgd2 Qxc5 23. Nxc5 Nc6 24. c3 Ke7 25. b4 Nb8 26. Rd6 Rc7 27. Kb2 Nc6 28. R6d2 Nb8 29. Rd6 Nc6 30. R6d2 Nb8 31. Rd6 1/2-1/2

[Event "VI Sunway Sitges Open 2019"]
[Site "Sitges"]
[Date "2019.12.17"]
[Round "5.42"]
[White "Divya Deshmukh"]
[Black "Zanan, Evgeny"]
[Result "0-1"]
[ECO "C70"]
[WhiteElo "2332"]
[BlackElo "2493"]
[Annotator "ChessBase"]
[PlyCount "74"]
[EventDate "2019.12.13"]
[EventType "swiss"]
[EventCountry "ESP"]
[SourceTitle "playchess.com"]
[Source "ChessBase"]
[SourceQuality "1"]
[TimeControl "40/5400+30:1800+30"]

1. e4 e5 2. Nf3 Nc6 3. Bb5 g6 4. c3 a6 5. Ba4 Bg7 6. d4 exd4 7. cxd4 b5 8. Bc2 d6 9. h3 Nge7 10. O-O O-O 11. a4 Bb7 12. Nc3 b4 13. Ne2 Na5 14. b3 Qd7 15. Ng3 c5 16. Bf4 cxd4 17. Nxd4 d5 18. e5 Nac6 19. Re1 Nxd4 20. Qxd4 Nc6 21. Qd3 Rfe8 22. Nh5 Bh8 23. Nf6+ Bxf6 24. exf6 Re6 25. Bg5 Rae8 26. Red1 d4 27. Qg3 Qd5 28. Rac1 Ne5 29. Rd2 Rc6 30. f4 Rc3 31. Qf2 Nf3+ 32. gxf3 Rxf3 33. Re1 Rxe1+ 34. Qxe1 Re3 35. Qxe3 Qh1+ 36. Kf2 dxe3+ 37. Kxe3 Qf3+ 0-1

[Event "VI Sunway Sitges Open 2019"]
[Site "Sitges"]
[Date "2019.12.17"]
[Round "5.43"]
[White "Garriga Cazorla, Pere"]
[Black "Samant Aditya S"]
[Result "1-0"]
[ECO "E01"]
[WhiteElo "2484"]
[BlackElo "2309"]
[Annotator "ChessBase"]
[PlyCount "73"]
[EventDate "2019.12.13"]
[EventType "swiss"]
[EventCountry "ESP"]
[SourceTitle "playchess.com"]
[Source "ChessBase"]
[SourceQuality "1"]
[TimeControl "40/5400+30:1800+30"]

1. Nf3 Nf6 2. g3 d5 3. c4 e6 4. Bg2 c6 5. b3 Bd6 6. O-O O-O 7. d4 Nbd7 8. Nc3 b6 9. Qc2 Bb7 10. Rd1 Qe7 11. Bb2 Rac8 12. e4 Nxe4 13. Nxe4 dxe4 14. Qxe4 Rfe8 15. h4 Ba3 16. Bxa3 Qxa3 17. Rd2 Nf6 18. Qf4 c5 19. Ne5 Bxg2 20. Kxg2 cxd4 21. Rxd4 Qc5 22. Rad1 Qe7 23. g4 h6 24. f3 Rf8 25. g5 Nh5 26. Qg4 g6 27. Rd7 Qc5 28. Qe4 hxg5 29. hxg5 Ng7 30. b4 Qxb4 31. Ng4 Nh5 32. Nh6+ Kh7 33. Nxf7 Qb2+ 34. Kg1 Ng7 35. Ne5 Kg8 36. Rxg7+ Kxg7 37. Rd7+ 1-0

[Event "VI Sunway Sitges Open 2019"]
[Site "Sitges"]
[Date "2019.12.17"]
[Round "5.44"]
[White "Zadruzny, Nicolaj"]
[Black "Pogonina, Natalija"]
[Result "1-0"]
[ECO "A46"]
[WhiteElo "2308"]
[BlackElo "2479"]
[Annotator "ChessBase"]
[PlyCount "61"]
[EventDate "2019.12.13"]
[EventType "swiss"]
[EventCountry "ESP"]
[SourceTitle "playchess.com"]
[Source "ChessBase"]
[SourceQuality "1"]
[TimeControl "40/5400+30:1800+30"]

1. d4 Nf6 2. Nf3 e6 3. g3 b5 4. Bg2 Bb7 5. O-O Be7 6. Bg5 O-O 7. Qd3 a6 8. a4 b4 9. c4 bxc3 10. bxc3 d5 11. Nbd2 a5 12. Qc2 h6 13. Bxf6 Bxf6 14. e4 Nd7 15. c4 c5 16. Rab1 Ba6 17. e5 Be7 18. Rfe1 dxc4 19. dxc5 Rc8 20. c6 Nb6 21. Red1 Qc7 22. Nd4 Bb4 23. f4 Nd5 24. Bxd5 exd5 25. N2f3 Bc5 26. Kg2 Rb8 27. e6 fxe6 28. Nxe6 Qd6 29. Qg6 Qe7 30. Rxb8 Rxb8 31. Rxd5 1-0

[Event "VI Sunway Sitges Open 2019"]
[Site "Sitges"]
[Date "2019.12.17"]
[Round "5.46"]
[White "Janik, Igor"]
[Black "Rakshitta Ravi"]
[Result "1-0"]
[ECO "A30"]
[WhiteElo "2466"]
[BlackElo "2260"]
[Annotator "ChessBase"]
[PlyCount "79"]
[EventDate "2019.12.13"]
[EventType "swiss"]
[EventCountry "ESP"]
[SourceTitle "playchess.com"]
[Source "ChessBase"]
[SourceQuality "1"]
[TimeControl "40/5400+30:1800+30"]

1. c4 c5 2. Nf3 Nf6 3. g3 b6 4. Bg2 Bb7 5. O-O e6 6. Nc3 Be7 7. d4 cxd4 8. Qxd4 d6 9. Rd1 a6 10. Bg5 Nbd7 11. Qd2 O-O 12. Bf4 Ne8 13. Rac1 Qc7 14. b3 Rd8 15. e4 Qb8 16. Qe2 Nef6 17. Nd4 Rfe8 18. Nc2 Rc8 19. g4 Ne5 20. g5 Nfd7 21. Bd2 Bd8 22. f4 Ng6 23. Qg4 Nc5 24. Qg3 Qa8 25. Re1 e5 26. fxe5 dxe5 27. Nd5 Ne6 28. h4 b5 29. Nce3 Nd4 30. Ng4 Bxd5 31. exd5 Nf5 32. Qf2 Nfxh4 33. Be4 Qb7 34. c5 Qd7 35. Qg3 a5 36. Be3 Bc7 37. Qh3 Qd8 38. d6 Bxd6 39. Red1 Bxc5 40. Rxd8 1-0

[Event "VI Sunway Sitges Open 2019"]
[Site "Sitges"]
[Date "2019.12.17"]
[Round "5.47"]
[White "Risting, Eivind Olav"]
[Black "Kobo, Ori"]
[Result "1/2-1/2"]
[ECO "D37"]
[WhiteElo "2307"]
[BlackElo "2457"]
[Annotator "ChessBase"]
[PlyCount "90"]
[EventDate "2019.12.13"]
[EventType "swiss"]
[EventCountry "ESP"]
[SourceTitle "playchess.com"]
[Source "ChessBase"]
[SourceQuality "1"]
[TimeControl "40/5400+30:1800+30"]

1. d4 Nf6 2. c4 e6 3. Nf3 d5 4. Nc3 Be7 5. Bf4 O-O 6. e3 Nbd7 7. Be2 dxc4 8. O-O c5 9. dxc5 Nxc5 10. Bxc4 a6 11. Ne5 Ncd7 12. Be2 Nxe5 13. Bxe5 Qa5 14. Bg3 Bd7 15. Bf3 Rad8 16. Qb3 b5 17. a3 Rc8 18. Rfd1 Bc6 19. Bxc6 Rxc6 20. Rd4 b4 21. Ne2 Rfc8 22. Rdd1 bxa3 23. bxa3 Bf8 24. Qd3 Nd5 25. Be5 Rc4 26. h3 h6 27. Bd4 Qa4 28. Ng3 Nc3 29. Rd2 Nb5 30. Ne2 Rc2 31. Rxc2 Rxc2 32. Qd1 Rc4 33. Qxa4 Rxa4 34. Bb2 Kh7 35. Kf1 g5 36. Nd4 Nd6 37. Ke2 Bg7 38. Ra2 Nc4 39. Bc1 Kg6 40. Nc2 Nd6 41. Nb4 a5 42. Nd3 Rc4 43. Bd2 a4 44. Kd1 Nb5 45. Bb4 Nc3+ 1/2-1/2

[Event "VI Sunway Sitges Open 2019"]
[Site "Sitges"]
[Date "2019.12.17"]
[Round "5.48"]
[White "Vanduyfhuys, Daria"]
[Black "Boyer, Mahel"]
[Result "0-1"]
[ECO "A84"]
[WhiteElo "1973"]
[BlackElo "2286"]
[Annotator "NA"]
[PlyCount "100"]
[EventDate "2019.12.13"]
[EventType "swiss"]
[EventCountry "ESP"]
[SourceTitle "playchess.com"]
[Source "ChessBase"]
[SourceQuality "1"]
[TimeControl "40/5400+30:1800+30"]

1. d4 f5 2. c4 Nf6 3. Nc3 e6 4. Nf3 Bb4 5. Bd2 b6 6. g3 Bb7 7. Bg2 O-O 8. O-O d6 9. Qc2 Bxc3 10. Bxc3 Be4 11. Qb3 Qe7 12. Nd2 Bxg2 13. Kxg2 c5 14. dxc5 bxc5 15. e4 Nxe4 16. Nxe4 fxe4 17. Rad1 Qf7 18. Be1 Nc6 19. Bc3 Rab8 20. Qa4 Rb6 21. Kg1 d5 22. cxd5 exd5 23. Qa3 d4 24. Bd2 Qh5 25. Bf4 Nb4 26. Qxa7 Rg6 27. Qc7 Nd5 28. Qxc5 Nxf4 29. Qxh5 Nxh5 30. Rxd4 Ra6 31. Rxe4 Rxa2 32. Rb4 Nf6 33. Re1 Rd8 34. g4 h6 35. h4 Ra5 36. Kg2 Rd2 37. Re7 Nd5 38. Rb8+ Kh7 39. Ree8 Nf6 40. Rh8+ Kg6 41. Kg3 Ra4 42. f3 Rd3 43. Kf2 Rf4 44. h5+ Kg5 45. Rb5+ Kh4 46. g5 Rfxf3+ 47. Ke2 Rfe3+ 48. Kf1 Rd1+ 49. Kg2 Rd2+ 50. Kf1 Ne4 0-1

[Event "VI Sunway Sitges Open 2019"]
[Site "Sitges"]
[Date "2019.12.17"]
[Round "5.49"]
[White "Fjallheim, Leif Reinert"]
[Black "Pena Morales, Hugo"]
[Result "1/2-1/2"]
[ECO "B06"]
[WhiteElo "2018"]
[BlackElo "2203"]
[Annotator "NA"]
[PlyCount "207"]
[EventDate "2019.12.13"]
[EventType "swiss"]
[EventCountry "ESP"]
[SourceTitle "playchess.com"]
[Source "ChessBase"]
[SourceQuality "1"]
[TimeControl "40/5400+30:1800+30"]

1. e4 g6 2. d4 Bg7 3. Nc3 d6 4. Be3 a6 5. a4 Nd7 6. Bc4 e6 7. Nge2 Ngf6 8. f3 d5 9. Bd3 dxe4 10. Nxe4 Nxe4 11. fxe4 c5 12. c3 cxd4 13. cxd4 Nf6 14. h3 Nxe4 15. Bxe4 Qh4+ 16. Ng3 Qxg3+ 17. Bf2 Qf4 18. Qd3 O-O 19. O-O Qd6 20. Qc3 Rd8 21. Rad1 a5 22. Qf3 f5 23. Bxb7 Bxb7 24. Qxb7 Rab8 25. Qa7 Qb6 26. Qxb6 Rxb6 27. d5 Rbd6 28. Bh4 R8d7 29. dxe6 Rxd1 30. exd7 Rxd7 31. b3 Rd3 32. Rb1 Bc3 33. Kf1 Rd4 34. Bg3 Bb4 35. Be1 Rf4+ 36. Ke2 Re4+ 37. Kf1 Kf7 38. Bxb4 Rxb4 39. Rc1 Rxb3 40. Rc5 Kf6 41. Rxa5 Ra3 42. Ra7 h6 43. h4 f4 44. Ra5 h5 45. Kf2 Ke6 46. Rg5 Kf6 47. Ra5 Ra1 48. g3 Ra3 49. gxf4 Rh3 50. Rb5 Rxh4 51. Kg3 Rg4+ 52. Kf3 Rg1 53. a5 Rf1+ 54. Kg3 Ra1 55. Rc5 Ra3+ 56. Kg2 Kg7 57. Rb5 Ra2+ 58. Kg3 Ra1 59. Rc5 Kf7 60. Rb5 Ke7 61. Kg2 Kf6 62. Kg3 Ra3+ 63. Kg2 h4 64. Rc5 Kg7 65. Rb5 Kf6 66. Rc5 Ra4 67. Kf3 Ra3+ 68. Kg2 Rg3+ 69. Kf2 Rg4 70. Kf3 Rg1 71. Kf2 Ra1 72. Kg2 Rb1 73. Kh3 Rb4 74. Kxh4 Rxf4+ 75. Kg3 Ra4 76. Rb5 Kg7 77. Rc5 Kh6 78. Rb5 g5 79. Rb6+ Kh5 80. a6 Ra3+ 81. Kg2 Kh4 82. Rc6 Ra2+ 83. Kg1 g4 84. Rc3 Rxa6 85. Rb3 Ra1+ 86. Kg2 Ra2+ 87. Kg1 Kg5 88. Rc3 Rd2 89. Rb3 Kh4 90. Rc3 Rd6 91. Kg2 Rd2+ 92. Kg1 Re2 93. Rb3 Re1+ 94. Kg2 Re2+ 95. Kg1 Rc2 96. Ra3 Kg5 97. Rb3 Kf4 98. Ra3 Rc4 99. Kg2 Kg5 100. Kg3 Rc5 101. Rb3 Rf5 102. Ra3 Rf3+ 103. Rxf3 gxf3 104. Kxf3 1/2-1/2

[Event "VI Sunway Sitges Open 2019"]
[Site "Sitges"]
[Date "2019.12.17"]
[Round "5.50"]
[White "Van Kessel, Wessel"]
[Black "Silva, Pedro Gil Ferreira D"]
[Result "1/2-1/2"]
[ECO "A37"]
[WhiteElo "2095"]
[BlackElo "1919"]
[Annotator "NA"]
[PlyCount "99"]
[EventDate "2019.12.13"]
[EventType "swiss"]
[EventCountry "ESP"]
[SourceTitle "playchess.com"]
[Source "ChessBase"]
[SourceQuality "1"]
[TimeControl "40/5400+30:1800+30"]

1. c4 e5 2. g3 c5 3. Bg2 Nc6 4. Nc3 g6 5. d3 Bg7 6. Nf3 Nge7 7. O-O O-O 8. Ne1 d6 9. Nc2 Be6 10. Ne3 Rb8 11. Bd2 a6 12. a4 h6 13. Ned5 f5 14. Rb1 Nb4 15. Nxe7+ Qxe7 16. Nd5 Bxd5 17. cxd5 a5 18. Qc1 Kh7 19. Qc4 Qd7 20. Bh3 b5 21. axb5 Qxb5 22. Bc3 e4 23. Qxb5 Rxb5 24. dxe4 fxe4 25. Rfd1 Rfb8 26. Ra1 Nc2 27. Ra4 Nd4 28. Bf1 e3 29. fxe3 Nc2 30. e4 Bxc3 31. bxc3 Ne3 32. Rd3 Ng4 33. Rf3 Kg7 34. e3 Rb1 35. Rxa5 Ne5 36. Ra7+ R1b7 37. Rxb7+ Rxb7 38. Rf2 Rb3 39. Rc2 Ng4 40. Rc1 Kf6 41. Be2 Ne5 42. Rc2 Ra3 43. Kf2 Nd7 44. Bb5 Ne5 45. h3 Ra5 46. Be2 Ra3 47. h4 h5 48. Kg2 Rb3 49. Kh3 Rb1 50. Kg2 1/2-1/2

[Event "VI Sunway Sitges Open 2019"]
[Site "Sitges"]
[Date "2019.12.17"]
[Round "5.51"]
[White "Casares Bonals, Ainhoa"]
[Black "Roch, Florian"]
[Result "0-1"]
[ECO "B90"]
[WhiteElo "1821"]
[BlackElo "1979"]
[Annotator "NA"]
[PlyCount "62"]
[EventDate "2019.12.13"]
[EventType "swiss"]
[EventCountry "ESP"]
[SourceTitle "playchess.com"]
[Source "ChessBase"]
[SourceQuality "1"]
[TimeControl "40/5400+30:1800+30"]

1. e4 c5 2. Nf3 d6 3. d4 cxd4 4. Nxd4 Nf6 5. Nc3 a6 6. Be3 Ng4 7. Bg5 h6 8. Bh4 g5 9. Bg3 Bg7 10. Be2 h5 11. h3 h4 12. hxg4 hxg3 13. Rxh8+ Bxh8 14. fxg3 Nc6 15. Nxc6 bxc6 16. Qd2 Qa5 17. Kf2 Be6 18. Rh1 Kd7 19. Rh5 Bf6 20. Qd3 Rb8 21. Nd1 Qxa2 22. e5 Bxe5 23. Rxg5 f6 24. Rg6 Qa5 25. c3 Qb6+ 26. Ke1 a5 27. g5 Rh8 28. Kd2 Rh1 29. g4 Bf4+ 30. Kc2 Qb3+ 31. Kb1 Qa2+ 0-1

[Event "VI Sunway Sitges Open 2019"]
[Site "Sitges"]
[Date "2019.12.17"]
[Round "5.52"]
[White "Clanchet Olle, Josep"]
[Black "Poumey, Philippe"]
[Result "1-0"]
[ECO "B02"]
[WhiteElo "1634"]
[BlackElo "1777"]
[Annotator "NA"]
[PlyCount "85"]
[EventDate "2019.12.13"]
[EventType "swiss"]
[EventCountry "ESP"]
[SourceTitle "playchess.com"]
[Source "ChessBase"]
[SourceQuality "1"]
[TimeControl "40/5400+30:1800+30"]

1. e4 Nf6 2. Nc3 d5 3. exd5 Nxd5 4. Bc4 Nb6 5. Bb3 Nc6 6. Nf3 g6 7. O-O Bg7 8. d3 O-O 9. Bf4 Bg4 10. h3 Bxf3 11. Qxf3 Na5 12. Qe3 Nxb3 13. axb3 c6 14. Be5 Bxe5 15. Qxe5 a6 16. Rfe1 e6 17. Ne4 Nd7 18. Qd6 Kg7 19. Qd4+ e5 20. Qc3 Qc7 21. d4 f6 22. Rad1 exd4 23. Qxd4 Nb6 24. Ng5 Rfe8 25. Ne6+ Rxe6 26. Rxe6 Rf8 27. Rde1 Rf7 28. c4 a5 29. Qd6 Qxd6 30. Rxd6 Nc8 31. Rd8 Rc7 32. c5 b5 33. Ra1 Ne7 34. Rxa5 b4 35. Raa8 Nd5 36. Rac8 Ra7 37. Rxc6 Ra1+ 38. Kh2 Nc3 39. Rc7+ Kh6 40. Re7 Ra2 41. bxc3 bxc3 42. Rd1 c2 43. Rc1 1-0

[Event "VI Sunway Sitges Open 2019"]
[Site "Sitges"]
[Date "2019.12.17"]
[Round "5.53"]
[White "Ribon Calabia, Mariano"]
[Black "Minko, Uliana"]
[Result "1-0"]
[ECO "D26"]
[WhiteElo "1663"]
[BlackElo "1311"]
[Annotator "NA"]
[PlyCount "97"]
[EventDate "2019.12.13"]
[EventType "swiss"]
[EventCountry "ESP"]
[SourceTitle "playchess.com"]
[Source "ChessBase"]
[SourceQuality "1"]
[TimeControl "40/5400+30:1800+30"]

1. d4 d5 2. c4 dxc4 3. e3 e6 4. Bxc4 Nf6 5. Nf3 a6 6. Ne5 c5 7. O-O b5 8. Qf3 Ra7 9. Be2 Bb7 10. Qf4 c4 11. Nc3 Be7 12. b3 cxb3 13. axb3 O-O 14. Nxb5 Ra8 15. Nc3 Nbd7 16. Bf3 Bxf3 17. Nxd7 Nxd7 18. Qxf3 Nf6 19. Ba3 Ra7 20. Ne4 Nd5 21. Qe2 a5 22. Bxe7 Qxe7 23. Rfc1 h6 24. Nc3 Nb4 25. Nb5 Ra6 26. Rc7 Qg5 27. Rc5 Qg6 28. h4 Qe4 29. g3 Kh7 30. Nc3 Qa8 31. Nb5 Qd8 32. Qc4 Qb6 33. Nc3 Raa8 34. Na4 Qd6 35. Nc3 Qd8 36. Ne4 f5 37. Nc3 Re8 38. Nb5 Re7 39. Nc7 Ra7 40. Nxe6 Qg8 41. d5 Qh8 42. Raxa5 Rxa5 43. Rxa5 Rb7 44. Rb5 Rxb5 45. Qxb5 Na2 46. Qd3 g6 47. Qd4 Qg8 48. Qa7+ Kh8 49. Qxa2 1-0

[Event "VI Sunway Sitges Open 2019"]
[Site "Sitges"]
[Date "2019.12.17"]
[Round "5.54"]
[White "Al Mutlaq, Ibrahim A"]
[Black "Stroup, James Howard"]
[Result "1-0"]
[ECO "C00"]
[WhiteElo "1509"]
[BlackElo "1402"]
[Annotator "NA"]
[PlyCount "59"]
[EventDate "2019.12.13"]
[EventType "swiss"]
[EventCountry "ESP"]
[SourceTitle "playchess.com"]
[Source "ChessBase"]
[SourceQuality "1"]
[TimeControl "40/5400+30:1800+30"]

1. e4 e6 2. Nf3 d5 3. e5 c5 4. b4 cxb4 5. a3 b6 6. d4 Ba6 7. Bd3 Bxd3 8. Qxd3 Nc6 9. O-O Nge7 10. Bg5 Qd7 11. Nfd2 Nf5 12. Be3 Be7 13. f4 Nxe3 14. Qxe3 Nxd4 15. Qd3 Bc5 16. axb4 Nxc2+ 17. bxc5 Nxa1 18. Nc3 bxc5 19. Rxa1 O-O 20. Nf3 Rfb8 21. Ng5 g6 22. Nce4 Qc7 23. Qh3 dxe4 24. Qxh7+ Kf8 25. Nxe6+ fxe6 26. Qxc7 Rc8 27. Qd6+ Kf7 28. Qd7+ Kf8 29. Rxa7 Rxa7 30. Qxc8+ 1-0

[Event "VI Sunway Sitges Open 2019"]
[Site "Sitges"]
[Date "2019.12.18"]
[Round "6.2"]
[White "Santos Latasa, Jaime"]
[Black "Nasuta, Grzegorz"]
[Result "1/2-1/2"]
[ECO "C94"]
[WhiteElo "2585"]
[BlackElo "2545"]
[Annotator "ChessBase"]
[PlyCount "60"]
[EventDate "2019.12.13"]
[EventType "swiss"]
[EventCountry "ESP"]
[SourceTitle "playchess.com"]
[Source "ChessBase"]
[SourceQuality "1"]
[TimeControl "40/5400+30:1800+30"]

1. e4 e5 2. Nf3 Nc6 3. Bb5 a6 4. Ba4 Nf6 5. O-O Be7 6. Re1 b5 7. Bb3 d6 8. c3 O-O 9. h3 Nb8 10. d3 Nbd7 11. Nbd2 Bb7 12. Nf1 Nc5 13. Bc2 Re8 14. Ng3 Bf8 15. b4 Ncd7 16. a4 c5 17. bxc5 Nxc5 18. axb5 axb5 19. Rb1 Bc6 20. d4 exd4 21. Nxd4 Bxe4 22. Nxe4 Ncxe4 23. Nxb5 d5 24. Be3 Rc8 25. Bd4 Bc5 26. Bxe4 Rxe4 27. Rxe4 Nxe4 28. f3 Bxd4+ 29. Qxd4 Nf6 30. Qd3 Rb8 1/2-1/2

[Event "VI Sunway Sitges Open 2019"]
[Site "Sitges"]
[Date "2019.12.18"]
[Round "6.3"]
[White "Li, Di"]
[Black "Puranik, Abhimanyu"]
[Result "1/2-1/2"]
[ECO "E61"]
[WhiteElo "2543"]
[BlackElo "2580"]
[Annotator "ChessBase"]
[PlyCount "99"]
[EventDate "2019.12.13"]
[EventType "swiss"]
[EventCountry "ESP"]
[SourceTitle "playchess.com"]
[Source "ChessBase"]
[SourceQuality "1"]
[TimeControl "40/5400+30:1800+30"]

1. Nf3 Nf6 2. d4 g6 3. c4 Bg7 4. e3 O-O 5. Be2 c5 6. d5 d6 7. Nc3 e6 8. O-O exd5 9. cxd5 Re8 10. Nd2 Na6 11. Re1 Rb8 12. e4 Bd7 13. a4 Nb4 14. Ra3 b6 15. h3 a6 16. Bf1 b5 17. axb5 axb5 18. Nf3 Qb6 19. Bf4 c4 20. Be3 Qd8 21. Bd4 Nd3 22. Bxd3 b4 23. Bxc4 bxa3 24. bxa3 Qc7 25. Bf1 Qa5 26. Re3 Qxa3 27. e5 dxe5 28. Bxe5 Qc5 29. Bxb8 Rxe3 30. fxe3 Qxe3+ 31. Kh1 Qxc3 32. Be5 Qc5 33. Qa1 Ne4 34. Bxg7 Ng3+ 35. Kh2 Nxf1+ 36. Qxf1 Kxg7 37. Qa1+ f6 38. Qd4 Qxd4 39. Nxd4 Kf7 40. d6 Ba4 41. h4 Bd1 42. Kg3 Ke8 43. Ne6 Kd7 44. Nf8+ Kxd6 45. Nxh7 Ke7 46. Kf4 Kf7 47. g4 Kg7 48. Ng5 fxg5+ 49. Kxg5 Be2 50. h5 1/2-1/2

[Event "VI Sunway Sitges Open 2019"]
[Site "Sitges"]
[Date "2019.12.18"]
[Round "6.13"]
[White "Kelires, Andreas"]
[Black "Nihal Sarin"]
[Result "1/2-1/2"]
[ECO "D83"]
[WhiteElo "2510"]
[BlackElo "2612"]
[Annotator "RC"]
[PlyCount "61"]
[EventDate "2019.12.13"]
[EventType "swiss"]
[EventCountry "ESP"]
[SourceTitle "playchess.com"]
[Source "ChessBase"]
[SourceQuality "1"]
[TimeControl "40/5400+30:1800+30"]

1. d4 Nf6 2. c4 g6 3. Nc3 d5 4. Bf4 Bg7 5. e3 O-O 6. Rc1 c5 7. dxc5 Qa5 8. cxd5 Nbd7 9. Qa4 Qxa4 10. Nxa4 Nxd5 11. Bg3 N7f6 12. Bb5 a6 13. Bc4 Bd7 14. Nb6 Nxb6 15. cxb6 Rfc8 16. Ne2 Bc6 17. O-O Nd7 18. Nc3 Nxb6 19. Be2 Nd5 20. Nxd5 Bxd5 21. b3 Bb2 22. Rxc8+ Rxc8 23. Rd1 Rc1 24. Rxc1 Bxc1 25. Bd3 f5 26. Be5 Kf7 27. Bd4 Ke6 28. f3 Kd6 29. Kf2 e5 30. Bc3 Ba3 31. e4 1/2-1/2

[Event "VI Sunway Sitges Open 2019"]
[Site "Sitges"]
[Date "2019.12.18"]
[Round "6.15"]
[White "Gareyev, Timur"]
[Black "Gordon, Stephen J"]
[Result "1-0"]
[ECO "E34"]
[WhiteElo "2598"]
[BlackElo "2495"]
[Annotator "ChessBase"]
[PlyCount "73"]
[EventDate "2019.12.13"]
[EventType "swiss"]
[EventCountry "ESP"]
[SourceTitle "playchess.com"]
[Source "ChessBase"]
[SourceQuality "1"]
[TimeControl "40/5400+30:1800+30"]

1. d4 Nf6 2. c4 e6 3. Nc3 Bb4 4. Qc2 d5 5. e3 O-O 6. a3 Bxc3+ 7. Qxc3 b6 8. Nf3 Ba6 9. b3 Nbd7 10. Be2 c5 11. O-O Rc8 12. a4 dxc4 13. bxc4 Qc7 14. Bb2 Bb7 15. dxc5 Nxc5 16. a5 Rfd8 17. Nd4 Nce4 18. Qb4 Qc5 19. Qxc5 Nxc5 20. f3 bxa5 21. Rxa5 a6 22. Rb1 Nfd7 23. Ba3 Ba8 24. Nb3 Nxb3 25. Rxb3 Nb8 26. Kf1 Rc7 27. Bd6 Rb7 28. Rxb7 Bxb7 29. c5 Nc6 30. Ra1 Ra8 31. Rb1 Ra7 32. f4 f6 33. Bc4 Kf7 34. f5 Bc8 35. Rb6 Na5 36. fxe6+ Kg6 37. Bd5 1-0

[Event "VI Sunway Sitges Open 2019"]
[Site "Sitges"]
[Date "2019.12.18"]
[Round "6.22"]
[White "Song, Raymond"]
[Black "Svane, Rasmus"]
[Result "0-1"]
[ECO "D30"]
[WhiteElo "2468"]
[BlackElo "2597"]
[Annotator "ChessBase"]
[PlyCount "93"]
[EventDate "2019.12.13"]
[EventType "swiss"]
[EventCountry "ESP"]
[SourceTitle "playchess.com"]
[Source "ChessBase"]
[SourceQuality "1"]
[TimeControl "40/5400+30:1800+30"]

1. d4 d5 2. c4 e6 3. Nf3 a6 4. Nbd2 dxc4 5. Nxc4 b5 6. Nce5 Bb7 7. g3 Nd7 8. Nxd7 Bxf3 9. exf3 Qxd7 10. Be2 Bb4+ 11. Kf1 Ne7 12. a4 O-O 13. Be3 Ba5 14. axb5 axb5 15. Kg2 Bb6 16. Qd3 c6 17. f4 Rad8 18. Rhd1 Nf5 19. Bf3 Bxd4 20. Be4 Bxb2 21. Qxd7 Nxe3+ 22. fxe3 Rxd7 23. Rxd7 Bxa1 24. Bxc6 b4 25. Rb7 Bc3 26. Kf3 g6 27. g4 Rc8 28. Bd7 Rd8 29. e4 Kf8 30. e5 Ra8 31. f5 exf5 32. gxf5 Bxe5 33. h4 Rb8 34. Rxb8+ Bxb8 35. fxg6 hxg6 36. Ba4 Kg7 37. Bb3 f5 38. Be6 Kf6 39. Bb3 Bd6 40. Ba2 Be5 41. Bb3 Bc3 42. Ke2 Kg7 43. Be6 Kh6 44. Kd3 Kh5 45. Bf7 Bf6 46. Kc4 Be7 47. Kd4 0-1